 Dungeon Crawl Stone Soup version 0.30.1-9-gdf580d7c3d (webtiles) character file.

Game seed: 2537731005826620306

62 Kranky the Grasshopper (level 3, -2/27 HPs)
             Began as a Demonspawn Wanderer on Oct 9, 2023.
             Slain by Terence
             ... wielding a +0 short sword
              (5 damage)
             ... on level 1 of the Dungeon.
             The game lasted 00:05:55 (1690 turns).

Kranky the Grasshopper (Demonspawn Wanderer)        Turns: 1690, Time: 00:05:56

Health: -2/27      AC:  6    Str: 11    XL:     3   Next: 85%
Magic:  0/4        EV: 10    Int: 17    God:
Gold:   74         SH:  3    Dex: 11    Spells: 3/4 levels left

rFire   . . .        o - +0 long sword
rCold   . . .        p - +0 buckler
rNeg    . . .        l - +0 ring mail
rPois   +            (no helmet)
rElec   .            (no cloak)
rCorr   .            (no gloves)
SInv    .            d - +0 pair of boots
Will    .....        e - amulet of guardian spirit
Stlth   +            h - ring of poison resistance
HPRegen 0.24/turn    (no ring)
MPRegen 0.09/turn

%: guardian spirit
@: no status effects
A: hooves 2
a: no special abilities


You were on level 1 of the Dungeon.
You visited 1 branch of the dungeon, and saw 2 of its levels.

You collected 74 gold pieces.

Inventory:

Hand Weapons
 a - a +0 dagger
 o - a +0 long sword (weapon)
Armour
 c - a +0 robe
 d - a +0 pair of boots (worn)
 l - a +0 ring mail (worn)
 p - a +0 buckler (worn)
Jewellery
 e - an amulet of guardian spirit (around neck)
 h - a ring of poison resistance (left hand)
Scrolls
 b - 2 scrolls of fog
 i - a scroll of magic mapping {unknown}
 j - 2 scrolls of teleportation {unknown}
Potions
 f - 2 potions of mutation {unknown}
 g - a potion of berserk rage {unknown}
 k - a potion of invisibility {unknown}
 m - a potion of ambrosia {unknown}
 n - 2 potions of might {unknown}


   Skills:
 + Level 2.2 Fighting
 + Level 2.0 Armour
 + Level 2.0 Dodging
 - Level 1.0 Spellcasting
 - Level 3.6 Translocations
 - Level 1.8 Air Magic


You had 3 spell levels left.
You knew the following spells:

 Your Spells              Type           Power      Damage    Failure   Level
a - Apportation           Tloc           26%        N/A       17%         1

Your spell library contained the following spells:

 Spells                   Type           Power      Damage    Failure   Level
 Blink                    Tloc           26%        N/A       26%         2
 Lesser Beckoning         Tloc           26%        N/A       26%         2
 Static Discharge         Conj/Air       8%         2-3/arc   61%         2
 Cigotuvi's Dreadful Rot  Necr/Pois/Air  6%         N/A       65%         2


Dungeon Overview and Level Annotations

Branches:
Dungeon (2/15)

Altars:

Shops:
D:1 (

Annotations:
D:1 Terence
D:2 Sigmund


Innate Abilities, Weirdness & Mutations

You have hoof-like feet.


Message History

Terence attacks as you move away! Terence hits you with a +0 short sword.
* * * LOW HITPOINT WARNING * * *
Terence attacks as you move away! Terence barely misses you.
Terence attacks as you move away! Terence hits you but does no damage.
There is a stone staircase leading down here.
Terence attacks as you move away! Terence misses you.
Terence attacks as you move away! Terence closely misses you.
Terence attacks as you move away! Terence hits you with a +0 short sword.
* * * LOW HITPOINT WARNING * * *
Terence attacks as you move away! Terence hits you with a +0 short sword.
* * * LOW HITPOINT WARNING * * *
Terence attacks as you move away! Terence barely misses you.
Terence attacks as you move away! You block Terence's attack.
There is a stone staircase leading down here.
Terence attacks as you move away! Terence hits you with a +0 short sword.
* * * LOW HITPOINT WARNING * * *
Terence attacks as you move away! Terence barely misses you.
Terence attacks as you move away! Terence hits you but does no damage.
Terence attacks as you move away! Terence completely misses you.
Terence attacks as you move away! Terence hits you with a +0 short sword.
* * * LOW HITPOINT WARNING * * *
Terence attacks as you move away! You block Terence's attack.
Terence attacks as you move away! Terence hits you but does no damage.
Terence bares his teeth.
Terence attacks as you move away! Terence hits you but does no damage.
Terence screams, "I'm going to kill you!"
There is a stone staircase leading down here.
Terence attacks as you move away! You block Terence's attack.
Terence attacks as you move away! Terence closely misses you.
Terence attacks as you move away! Terence hits you with a +0 short sword.
* * * LOW HITPOINT WARNING * * *
Terence attacks as you move away! Terence hits you but does no damage.
Terence attacks as you move away! Terence hits you but does no damage.
There is a stone staircase leading down here.
Terence attacks as you move away! Terence hits you with a +0 short sword.
* * * LOW HITPOINT WARNING * * *
Terence attacks as you move away! Terence hits you with a +0 short sword.
* * * LOW HITPOINT WARNING * * *
Terence attacks as you move away! Terence hits you with a +0 short sword.
You die...

#.##.#.#.#.#.#### #.# #.#
#.............# #.# #.#
####.#.#.#.#.#######.# #.#
#.#..#............# #.#
#.##.############## #.####
#.##.################.....
####..>..............†..#####
#........>.@.##########......
#.#####.####@# ####### #.#
#.# ##.## ## #.#
#.###...##### ##. #.#
#.....(.....#########.. #.#
#####...###............ #.#
##.## ###########..
#.##########.# ##.
#............# #.
############## ##


You could see Terence.

Vanquished Creatures
  2 adders (D:2)
  A dart slug (D:1)
  An endoplasm (D:2)
  3 giant cockroaches
  5 goblins
  3 hobgoblins
  4 quokkas
  7 ball pythons
  A bat (D:2)
  2 frilled lizards (D:1)
  5 kobolds
  7 rats
41 creatures vanquished.

Notes
Turn   | Place    | Note
-------+----------+-------------------------------------------
     0 | D:1      | Kranky the Demonspawn Wanderer began the quest for the Orb.
     0 | D:1      | Kranky set off with the following items: a +0 dagger, a
                  | scroll of fog, a +0 robe, a +0 pair of boots; and the
                  | following spell memorised: Apportation; and the following
                  | spells available to memorise: Blink, Lesser Beckoning,
                  | Static Discharge, Cigotuvi's Dreadful Rot.
     0 | D:1      | Reached XP level 1. HP: 15/15 MP: 2/2
    90 | D:1      | Found Xigau's Antique Weapon Boutique.
   194 | D:1      | Gained mutation: You have large cloven feet. [demonic
                  | ancestry]
   194 | D:1      | Reached XP level 2. HP: 21/21 MP: 3/3
  1148 | D:2      | Gained mutation: You have hoof-like feet. [demonic
                  | ancestry]
  1148 | D:2      | Reached XP level 3. HP: 27/27 MP: 4/4
  1359 | D:2      | Noticed Terence
  1359 | D:2      | Noticed Sigmund
  1690 | D:1      | Slain by Terence

Illustrated notes

Levels and vault maps discovered:
D:1:      wheals_arrival_linesprint, layout_loops_ring, serial_shops,
          nicolae_shop_trees, st_stairs_10
D:2:      layout_loops_ring, kennysheep_another_room, dk_vineyard_3,
          bh_walls_and_bars, uniq_terence, uniq_sigmund

Skill      XL: |  1  2  3 |
---------------+----------+-----
Fighting       | 2 |  2.2
Dodging        | 2 |  2.0
Armour         | 2 |  2.0
Spellcasting   | |  1.0
Translocations | |  3.6
Air Magic      | |  1.8

Action                     || total
---------------------------++-------
  Melee: Dagger            ||   146
         Long sword        ||    79
         Punch             ||     2
   Cast: Apportation       ||     1
   Stab: Sleeping          ||     2
 Armour: Robe              ||    25
         Ring mail         ||    65
  Dodge: Dodged            ||   139
  Block: Buckler           ||    13
